 Dungeon Crawl Stone Soup version 0.16-a0-1885-g0f03bb0 (webtiles) character file.

62 timbw the Chopper (level 4, -1/23 HPs)
             Began as a Vine Stalker Berserker on Nov 6, 2014.
             Was a Follower of Trog.
             Slain by an ogre
             ... wielding a +0 giant club
              (9 damage)
             ... on level 4 of the Dungeon.
             The game lasted 00:02:03 (340 turns).

timbw the Chopper (Vine Stalker Berserker)           Turns: 340, Time: 00:02:03

Health: -1/23      AC:  8    Str: 20    XL:     4   Next: 8%
Magic:  0/5        EV:  7    Int:  7    God:    Trog [*.....]
Gold:   53         SH:  0    Dex: 14    Spells: 0 memorised, 3 levels left

rFire  . . .     SeeInvis .     a - +0 hand axe
rCold  . . .     Clarity  .     e - +0 chain mail
rNeg   . . .     SustAb   .     (no shield)
rPois  .         Gourm    .     (no helmet)
rElec  .         Spirit   +     (no cloak)
rCorr  .         Warding  .     (no gloves)
rMut   .         Stasis   .     (no boots)
MR     .....                    (no amulet)
Stlth  ..........               (no ring)
                                (no ring)

@: not resistant to hostile enchantments, extremely unstealthy
A: fangs 2, regeneration 1, magic shield, antimagic bite, no device heal 3, rot
immunity
a: Burn Spellbooks, Berserk, Renounce Religion


You were on level 4 of the Dungeon.
You worshipped Trog.
Trog was aware of your devotion.
You were not hungry.

You visited 1 branch of the dungeon, and saw 4 of its levels.

You collected 53 gold pieces.

Inventory:

Hand weapons
 a - a +0 hand axe (weapon)
Armour
 b - a +0 animal skin
 e - a +0 chain mail (worn)
 g - a +1 ring mail
Jewellery
 i - an uncursed ring of teleportation
Scrolls
 k - a scroll of noise
Potions
 d - a potion of curing {unknown}
Comestibles
 c - a bread ration
 f - a meat ration
 h - 2 beef jerkies


   Skills:
 - Level 2.6 Fighting
 + Level 4.3 Axes
 - Level 1.5 Armour
 - Level 1.5 Dodging


You had 3 spell levels left.
You didn't know any spells.

Dungeon Overview and Level Annotations

Branches:
Dungeon (4/15)
 Temple: D:4-7

Altars:


Innate Abilities, Weirdness & Mutations

You have extremely sharp teeth.
Your natural rate of healing is unusually fast.
When hurt, damage is shared between your health and your magic reserves.
Your bite disrupts and absorbs the magic of your enemies.
Potions and wands cannot restore your health.
You are immune to rotting.


Message History

Trog is aware of your devotion.
An ogre comes into view. It is wielding a giant club.
The ogre shouts!
A kobold comes into view. It is wielding a dagger.
The kobold shouts!
The kobold throws a stone.
The stone hits you but does no damage. The ogre hits you but does no damage.
The kobold throws a stone.
The stone hits you but does no damage.
You see here a stone.
The kobold throws a stone.
The stone hits you but does no damage.
You see here a stone.
You closely miss the kobold. Your bite misses the kobold.
Your chain mail prevents you from hitting the ogre.
The ogre hits you with a giant club!
Ouch! That really hurt!
The kobold hits you with a dagger. The kobold hits you with a dagger.
The kobold hits you but does no damage. The ogre hits you with a giant club!
You die...

. ##### ..
#####...# .#
#.......# .##
#.......# ###...
#.....(.#####.....
#.K....(.##....#..
#.O......#..#...#
#@.........##...##
#........####....#
#.......## #.....
#.......# #.....
#.......# #.....
.......## #<...#
.#..... #....# #
#### ##..## .##


You could see an ogre and a kobold.

Vanquished Creatures
  An orc priest (D:3)
  An adder (D:3)
  5 orcs (D:3)
  A ball python (D:3)
  3 jackals (D:1)
  5 bats
  A giant gecko (D:3)
  A giant newt (D:3)
  2 goblins
  2 kobolds
  2 rats (D:3)
24 creatures vanquished.

Notes
Turn   | Place    | Note
--------------------------------------------------------------
     0 | D:1      | timbw, the Vine Stalker Berserker, began the quest for the Orb.
     0 | D:1      | Reached XP level 1. HP: 11/11 MP: 1/1
   116 | D:1      | Reached skill level 3 in Axes
   190 | D:3      | Reached XP level 2. HP: 14/16 MP: 0/3
   233 | D:3      | Noticed an orc priest
   238 | D:3      | Killed an orc priest
   238 | D:3      | Reached skill level 4 in Axes
   238 | D:3      | Reached XP level 3. HP: 8/19 MP: 4/4
   243 | D:3      | Reached XP level 4. HP: 9/23 MP: 5/5
   329 | D:4      | Noticed an ogre
   340 | D:4      | Slain by an ogre

Action                   |  1- 3 |  4- 6 || total
-------------------------+-------+-------++-------
Melee: Hand axe          |    25 |     8 ||    33
Invok: Berserk           |     1 |       ||     1
  Use: Scroll            |     2 |     2 ||     4
